 Dungeon Crawl Stone Soup version 0.31-a0-595-g4209ae197b (webtiles) character file.

Game seed: 14461478594481958430

1379 AdnanSaban the Cudgeller (level 8, -1/49 HPs)
             Began as a Gargoyle Fighter on Aug 20, 2023.
             Slain by an iguana (7 damage)
             ... on level 4 of the Dungeon.
             The game lasted 00:06:34 (4245 turns).

AdnanSaban the Cudgeller (Gargoyle Fighter)         Turns: 4245, Time: 00:06:35

Health: -1/49      AC: 22    Str: 22    XL:     8   Next: 66%
Magic:  8/8        EV:  6    Int:  9    God:
Gold:   263        SH:  5    Dex:  9    Spells: 7/7 levels left

rFire   + . .        a - +0 flail
rCold   . . .        c - +0 buckler
rNeg    + . .        g - +0 plate armour
rPois   ∞            u - +0 helmet
rElec   +            m - +0 cloak
rCorr   .            D - +0 pair of gloves
SInv    .            (no boots)
Will    +....        (no amulet) Stlth
                     k - ring of protection from fire
HPRegen 0.28/turn    x - ring of willpower
MPRegen 0.11/turn

%: no passive effects
@: no status effects
A: sickness immunity, AC +5, negative energy resistance 1, electricity
resistance, torment resistance 1, petrification resistance
a: no special abilities


You were on level 4 of the Dungeon.
You visited 1 branch of the dungeon, and saw 5 of its levels.
You also visited: Ossuary.

You collected 263 gold pieces.

Inventory:

Hand Weapons
 a - a +0 flail (weapon)
Missiles
 b - 3 boomerangs (quivered)
 h - 3 poisoned darts
Armour
 c - a +0 buckler (worn)
 g - a +0 plate armour (worn)
 m - a +0 cloak (worn)
 u - a +0 helmet (worn)
 D - a +0 pair of gloves (worn)
Jewellery
 k - a ring of protection from fire (left hand)
 x - a ring of willpower (right hand)
Scrolls
 j - a scroll of immolation {unknown}
 l - 4 scrolls of enchant weapon {unknown}
 o - 3 scrolls of enchant armour {unknown}
 p - 2 scrolls of teleportation {unknown}
 q - a scroll of identify {unknown}
 r - a scroll of fear {unknown}
 w - a scroll of butterflies {unknown}
 y - 3 scrolls of fog {unknown}
 A - a scroll of blinking {unknown}
Potions
 d - 2 potions of might
 e - 3 potions of curing {unknown}
 f - 3 potions of attraction {unknown}
 i - a potion of degeneration {unknown}
 n - 2 potions of brilliance {unknown}
 s - a potion of ambrosia {unknown}
 t - 2 potions of heal wounds {unknown}
 v - a potion of mutation {unknown}
 z - a potion of magic {unknown}
 B - a potion of invisibility {unknown}
 C - a potion of haste {unknown}


   Skills:
 + Level 5.3 Fighting
 + Level 6.8 Maces & Flails
 + Level 0.6 Throwing
 + Level 6.3 Armour
 + Level 1.4 Dodging
 + Level 0.1 Stealth
 + Level 5.5 Shields


You had 7 spell levels left.
You didn't know any spells.
Your spell library contained the following spells:

 Spells                   Type           Power      Damage    Failure   Level
 Apportation              Tloc           0%         N/A       100%        1
 Necrotise                Necr           0%         1d4       100%        1
 Shock                    Conj/Air       0%         1d3       100%        1
 Sting                    Tmut/Pois      0%         1d3       100%        1
 Summon Small Mammal      Summ           0%         N/A       100%        1
 Blink                    Tloc           0%         N/A       100%        2
 Poisonous Vapours        Pois/Air       0%         N/A       100%        2
 Static Discharge         Conj/Air       0%         2-2/arc   100%        2
 Call Canine Familiar     Summ           0%         N/A       100%        3
 Portal Projectile        Hex/Tloc       0%         N/A       100%        3
 Swiftness                Air            0%         N/A       100%        3
 Airstrike                Air            0%         2d(0-16)  100%        4
 Leda's Liquefaction      Hex/Erth       0%         N/A       100%        4
 Manifold Assault         Tloc           0%         N/A       100%        4
 Olgreb's Toxic Radiance  Pois           0%         N/A       100%        4
 Summon Lightning Spire   Summ/Air       0%         N/A       100%        4


Dungeon Overview and Level Annotations

Branches:
Dungeon (5/15)            Ossuary (visited)
 Temple: D:4-7

Altars:


Innate Abilities, Weirdness & Mutations

You are immune to sickness and miasma.
Your stone body is resilient. (AC +5)
You are immune to poison.
You resist negative energy. (rN+)
You are resistant to electric shocks. (rElec)
You are resistant to unholy torment.
You are immune to petrification.


Message History

The scorpion stings you but does no damage.
You are too injured to fight recklessly!
You hit the scorpion.
The scorpion is lightly wounded.
The scorpion stings you but does no damage.
You hit the scorpion but do no damage.
The scorpion is lightly wounded.
The scorpion stings you but does no damage.
You barely miss the water moccasin. The water moccasin bites you!
* * * LOW HITPOINT WARNING * * *
You sock the water moccasin!
The water moccasin is moderately wounded.
The water moccasin bites you but does no damage.
You hit the water moccasin.
The water moccasin is heavily wounded.
You block the water moccasin's attack. The water moccasin bites you.
* * * LOW HITPOINT WARNING * * *
You sock the water moccasin!
The water moccasin is almost dead.
You block the water moccasin's attack.
You hit the water moccasin.
You kill the water moccasin!
You closely miss the iguana. You block the iguana's attack.
You closely miss the iguana. The iguana bites you.
* * * LOW HITPOINT WARNING * * *
You sock the iguana!
The iguana is severely wounded.
The iguana bites you but does no damage.
You barely miss the iguana.
The iguana is severely wounded.
The iguana bites you but does no damage.
The iguana bites you.
* * * LOW HITPOINT WARNING * * *
You hit the iguana.
The iguana is almost dead.
You block the iguana's attack.
You barely miss the iguana.
The iguana is almost dead.
The iguana bites you!
You die...

#### ...# ...# #########
...###### #.......#
........# #.......# ###
........##########.......#
#.#
................@ls...>).#
#.###
........##########.......#
#.... .........#
##.......# #.###
########.# #........# #.#
.....# #.# #........# #.#
####.# #.# #......### #.#
####.# #.# #..[...# #.#
.....# #.# #......# #.#
...#####.# #...÷..# #.#


You could see a scorpion and an iguana.

Vanquished Creatures
  A water moccasin (D:4)
  2 centaurs
  2 scorpions
  6 killer bees (D:5)
  2 howler monkeys (D:4)
  A hound (D:3)
  2 orc priests
  4 centaur zombies (Ossuary)
  A jelly (D:4)
  An iguana (D:4)
  3 orc wizards
  5 mummies (Ossuary)
  A gnoll (D:3)
  13 adders
  A worm (D:2)
  2 dart slugs (D:1)
  20 orcs
  6 ball pythons
  4 bats
  6 endoplasms
  5 giant cockroaches
  9 goblins
  7 hobgoblins
  4 quokkas
  5 frilled lizards
  5 hobgoblin zombies (Ossuary)
  14 kobolds
  4 rats
136 creatures vanquished.

Notes
Turn   | Place    | Note
-------+----------+-------------------------------------------
     0 | D:1      | AdnanSaban the Gargoyle Fighter began the quest for the
                  | Orb.
     0 | D:1      | Reached XP level 1. HP: 14/14 MP: 1/1
    74 | D:1      | Reached XP level 2. HP: 18/19 MP: 2/2
   258 | D:1      | Reached XP level 3. HP: 24/24 MP: 3/3
   771 | D:2      | Reached XP level 4. HP: 12/29 MP: 4/4
  1006 | D:2      | Reached XP level 5. HP: 33/33 MP: 5/5
  1212 | D:2      | You fall into a shaft and drop 2 floors!
  1596 | D:2      | Found a faded altar of an unknown god.
  1596 | D:2      | Noticed a ynoxinul
  1782 | D:3      | Reached XP level 6. HP: 38/38 MP: 6/6
  2898 | D:4      | Reached XP level 7. HP: 37/44 MP: 7/7
  2903 | D:4      | Reached skill level 5 in Armour
  2957 | D:4      | Reached skill level 1 in Dodging
  2992 | D:4      | Reached skill level 5 in Maces & Flails
  3123 | D:5      | Entered Level 5 of the Dungeon
  3207 | D:5      | Found a sand-covered staircase.
  3217 | Ossuary  | Entered an ossuary
  3328 | Ossuary  | Reached skill level 5 in Shields
  3496 | D:5      | Reached XP level 8. HP: 10/48 MP: 8/8
  3889 | D:5      | Reached skill level 5 in Fighting
  3927 | D:5      | HP: 2/49 [killer bee (7)]
  4245 | D:4      | Slain by an iguana

Illustrated notes

Levels and vault maps discovered:
D:1:      amcnicky_arrival_abandoned_market, layout_loops_ring,
          minmay_surrounded
D:2:      cheibrodos_pilgrimage, layout_rooms,
          dreamdust_ecumenical_altar_sealed_demon
D:3:      layout_loops_cross, minmay_fractal_squares_diagonal_5
D:4:      minmay_bubble_buster, layout_basic
D:5:      layout_basic, lightli_ossuary_entry_decrepit_ruins,
          minmay_chambers_of_fives

Skill      XL: |  1  2  3  4  5  6  7  8 |
---------------+-------------------------+-----
Armour         | 4 5 6 |  6.3
Shields        | 4 5 |  5.5
Fighting       | 4 5 |  5.3
Maces & Flails | 3 4 5 6 |  6.8
Dodging        | 1 |  1.4
Throwing       | |  0.6
Stealth        | |  0.1

Action                     |  1- 3 |  4- 6 |  7- 9 || total
---------------------------+-------+-------+-------++-------
  Melee: Flail             |   107 |   238 |   252 ||   597
  Throw: Boomerang         |       |       |     8 ||     8
 Armour: Scale mail        |    90 |    56 |       ||   146
         Plate armour      |       |   101 |   299 ||   400
  Dodge: Dodged            |    64 |   113 |   134 ||   311
  Block: Buckler           |    21 |    52 |    91 ||   164

Table legend: (Time is in decaauts)
 A = Elapsed time spent in this place.
 B = Non-inter-level travel time spent in this place.
 C = Inter-level travel time spent in this place.
 D = Time resting spent in this place.
 E = Time spent auto-exploring this place.
 F = Levels seen in this place.
 G = Mean time per level.
                   A        B        C        D        E       F      G
               +--------+--------+--------+--------+--------+-----+--------+
         Total |   4384 |   4220 |    164 |    300 |   2697 |   6 |  730.7 |
       Dungeon |   4127 |   3963 |    164 |    300 |   2586 |   5 |  825.4 |
       Ossuary |    257 |    257 |      0 |      0 |    111 |   1 |  257.0 |
               +--------+--------+--------+--------+--------+-----+--------+

Top non-repeatable levels by time:
     D:3: 962 daAuts
     D:4: 878 daAuts
     D:5: 866 daAuts
     D:1: 710 daAuts
     D:2: 709 daAuts
 Ossuary: 257 daAuts
